 Dungeon Crawl Stone Soup version 0.27.1-35-g4d5d836560 (webtiles) character file.

Game seed: 7863657960989757953

98 Delamore the Sneak (level 4, 0/29 HPs)
             Began as an Octopode Brigand on Apr 12, 2022.
             Succumbed to an adder's poison
             ... on level 3 of the Dungeon.
             The game lasted 00:01:49 (2828 turns).

Delamore the Sneak (Octopode Brigand)               Turns: 2828, Time: 00:01:49

Health: 0/29       AC:  1    Str:  7 (10) XL:     4   Next: 69%
Magic:  4/4        EV: 12    Int: 11 (13) God:
Gold:   92         SH:  0    Dex: 13 (14) Spells: 3/3 levels left

rFire    . . .     SeeInvis .   a - +2 dagger
rCold    . . .     Faith    .   (no shield)
rNeg     . . .     Spirit   .   (helmet restricted)
rPois    .         Reflect  .   (no amulet)
rElec    .         Harm     .   (no ring)
rCorr    .         Rampage  .   (no ring)
Will     .....                  (no ring)
Stlth    ++++......             (no ring)
HPRegen  0.09/turn              (no ring)
MPRegen  0.09/turn              (no ring)
                                (no ring)
                                (no ring)

@: mighty, lethally poisoned (0 -> -3), very slightly contaminated, invisible
A: almost no armour, amphibious, 8 rings, camouflage 1, gelatinous body 1,
(nimble swimmer 1), tentacles
a: no special abilities


You were on level 3 of the Dungeon.
You visited 1 branch of the dungeon, and saw 3 of its levels.

You collected 92 gold pieces.

Inventory:

Hand Weapons
 a - a +2 dagger (weapon)
Missiles
 b - 8 poisoned darts (quivered)
 c - 2 curare-tipped darts
Jewellery
 m - a ring of ice
Scrolls
 d - a scroll of noise {unknown}
 i - a scroll of silence {unknown}
 j - a scroll of identify {unknown}
 k - a scroll of enchant armour
 l - a scroll of teleportation {unknown}
 n - a scroll of acquirement {unknown}
Potions
 g - a potion of might
 h - a potion of haste {unknown}


   Skills:
 - Level 2.0 Fighting
 * Level 4.0 Short Blades
 - Level 2.0 Throwing
 - Level 1.0 Dodging
 + Level 6.4 Stealth


You had 3 spell levels left.
You didn't know any spells.
Your spell library contained the following spells:

 Spells                   Type           Power      Damage    Failure   Level
 Animate Skeleton         Necr           0%         N/A       34%         1
 Apportation              Tloc           0%         N/A       34%         1
 Corona                   Hex            0%         N/A       34%         1
 Summon Small Mammal      Summ           0%         N/A       34%         1


Dungeon Overview and Level Annotations

Branches:
Dungeon (3/15)

Altars:

Portals:
Sewer: D:3


Innate Abilities, Weirdness & Mutations

You cannot wear most types of armour.
You are amphibious.
You can wear up to eight rings at the same time.
Your skin changes colour to match your surroundings (Stealth+).
Your rubbery body absorbs attacks. (AC +1, EV +1)
((You are camouflaged near water. (Stealth+)))
You have tentacles for arms and can constrict up to eight enemies at once.


Message History

The adder is almost dead.
You constrict the adder.
You kill the adder!
You feel sick.
The giant cockroach waves its antennae.
You hit the adder. Your grab misses the adder. Your squeeze misses the adder.
The adder is lightly wounded.
You feel sick. The adder barely misses you.
You miss the adder. Your grab misses the adder.
The adder is lightly wounded.
You feel sick.
You are no longer poisoned.
The adder misses you.
You closely miss the adder. You grab the adder.
The adder is lightly wounded.
You constrict the adder. The adder bites you.
* * * LOW HITPOINT WARNING * * *
You are poisoned.
The adder poisons you!
You barely miss the adder.
The adder is moderately wounded.
You constrict the adder, but do no damage.
You feel sick. The adder bites you.
* * * LOW HITPOINT WARNING * * *
It was a potion of might.
You feel very mighty all of a sudden.
You constrict the adder.
* * * LOW HITPOINT WARNING * * *
You feel sick. The adder misses you. The adder closely misses you.
It was a potion of invisibility.
You fade into invisibility!
You constrict the adder.
* * * LOW HITPOINT WARNING * * *
You feel sick. The adder barely misses you.
You are very lightly contaminated with residual magic.
It was a potion of degeneration.
There was something very wrong with that liquid.
You feel weakened.
You feel dopey.
You feel clumsy.
You constrict the adder.
You die...

#.# #.# #.# #.#
####### #.######.#
.)))..#
###########........#
####..#
#...........########
#..#
#.####.............
#..# #.#
#@#######.#### #..#
#.# #S#B≈≈≈≈#.# #..#
#.# #SBB≈∩≈≈#.#
#..#####.#
#.#≈≈≈≈≈#.#
#........#
#.#######.#
#......###
#.......... ######.#
###...#.. #.# #.####
#.# .#


You could see 2 adders and 3 giant cockroaches.

Vanquished Creatures
  A gnoll (D:1)
  An adder (D:3)
  2 dart slugs (D:1)
  5 orcs (D:3)
  11 bats
  8 endoplasms
  A giant cockroach (D:1)
  7 goblins
  3 hobgoblins
  2 jackals (D:1)
  6 quokkas
  7 ball pythons
  A frilled lizard (D:2)
  2 kobolds
  4 rats
61 creatures vanquished.

Vanquished Creatures (others)
  5 plants (D:1)
5 creatures vanquished.

Grand Total: 66 creatures vanquished

Notes
Turn   | Place    | Note
-------+----------+-------------------------------------------
     0 | D:1      | Delamore the Octopode Brigand began the quest for the Orb.
     0 | D:1      | Reached XP level 1. HP: 14/14 MP: 1/1
   284 | D:1      | Reached XP level 2. HP: 5/19 MP: 2/2
   865 | D:1      | Reached XP level 3. HP: 24/24 MP: 3/3
   866 | D:1      | Found a faded altar of an unknown god.
  1112 | D:1      | Reached skill level 6 in Stealth
  1521 | D:2      | Reached XP level 4. HP: 29/29 MP: 4/4
  2677 | D:3      | Found a glowing drain.
  2827 | D:3      | HP: 1/29 [poisoned by an adder]
  2828 | D:3      | Succumbed to an adder's poison

Illustrated notes

Levels and vault maps discovered:
D:1:      eino_arrival_cavern_b, layout_basic,
          dilly_ecumenical_altar_fadedgnrine
D:2:      layout_basic
D:3:      layout_loops_ring, gup_sewer_entry_glass,
          ebering_dispersal_statue_hall, uniq_ijyb, uniq_sigmund

Skill      XL: |  1  2  3  4 |
---------------+-------------+-----
Short Blades   | 3 4 |  4.0
Stealth        | 6 |  6.4
Fighting       | |  2.0
Throwing       | |  2.0
Dodging        | |  1.0

Action                   |  1- 3 |  4- 6 || total
-------------------------+-------+-------++-------
Melee: Dagger            |    71 |    49 ||   120
       Constrict         |    17 |    12 ||    29
       Tentacles         |     8 |     9 ||    17
Throw: Dart              |       |     3 ||     3
  Use: Potion            |       |     3 ||     3
       Scroll            |       |     1 ||     1
 Stab: Sleeping          |    12 |     9 ||    21
Armor: Skin              |    10 |     7 ||    17
Dodge: Dodged            |    39 |    21 ||    60
